 Dungeon Crawl Stone Soup version 0.28-a0-794-gafe8c5f9e9 (webtiles) character file.

Game seed: 7208954791465856456

479 quinnr the Digger (level 6, -14/52 HPs)
             Began as a Deep Dwarf Earth Elementalist on Nov 4, 2021.
             Demolished by Duvessa (19 damage)
             ... on level 4 of the Dungeon on Nov 5, 2021.
             The game lasted 00:17:14 (5041 turns).

quinnr the Digger (Deep Dwarf Earth Elementalist)   Turns: 5041, Time: 00:17:14

Health: -14/52     AC:  2    Str: 11    XL:     6   Next: 86%
Magic:  0/9        EV: 12    Int: 18    God:
Gold:   168        SH:  0    Dex: 13    Spells: 1/11 levels left

rFire   + . .      SeeInvis .   (no weapon)
rCold   . . .      Faith    .   (no shield)
rNeg    . . .      Spirit   .   b - +0 robe
rPois   .          Reflect  .   (no helmet)
rElec   .          Harm     .   (no cloak)
rCorr   .          Rampage  .   (no gloves)
Will    .....                   (no boots)
Stlth   ++........              (no amulet)
HPRegen 0.00/turn               h - ring of protection from fire
MPRegen 0.11/turn               (no ring)

@: no status effects
A: damage resistance, heal wounds, sense surroundings 1, no regeneration
a: Heal Wounds


You were on level 4 of the Dungeon.
You visited 1 branch of the dungeon, and saw 5 of its levels.

You collected 168 gold pieces.

Inventory:

Missiles
 c - 131 stones
 d - a throwing net (quivered)
Armour
 b - a +0 robe (worn)
Jewellery
 h - a ring of protection from fire (left hand)
Wands
 q - a wand of digging (4)
Scrolls
 a - 2 scrolls of vulnerability {unknown}
 e - a scroll of fog {unknown}
 f - a scroll of acquirement {unknown}
 j - 2 scrolls of identify {unknown}
 n - a scroll of enchant weapon {unknown}
 o - a scroll of noise {unknown}
 p - a scroll of blinking {unknown}
 s - a scroll of enchant armour {unknown}
 t - a scroll of amnesia {unknown}
Potions
 g - a potion of heal wounds {unknown}
 i - a potion of curing {unknown}
 k - 2 potions of might {unknown}
 l - a potion of attraction {unknown}
 m - a potion of flight {unknown}
 r - 2 potions of lignification {unknown}
 u - a potion of degeneration {unknown}


   Skills:
 + Level 1.7 Fighting
 - Level 3.0 Dodging
 + Level 3.3 Stealth
 - Level 3.0 Spellcasting
 - Level 2.0 Conjurations
 - Level 2.2 Transmutations
 + Level 6.9 Earth Magic


You had one spell level left.
You knew the following spells:

 Your Spells              Type           Power      Damage    Failure   Level
a - Sandblast             Erth           54%        2d13      1%          1
b - Passwall              Tmut/Erth      15%        N/A       3%          2
c - Stone Arrow           Conj/Erth      36%        3d9       8%          3
d - Petrify               Tmut/Erth      19%        N/A       24%         4

Your spell library contained the following spells:

 Spells                   Type           Power      Damage    Failure   Level


Dungeon Overview and Level Annotations

Branches:
Dungeon (5/15)
 Temple: D:4-7

Altars:
Fedhas
Ru
Yredelemnul

Shops:
D:1 [[[[=

Annotations:
D:3 exclusion: ogre
D:4 Duvessa


Innate Abilities, Weirdness & Mutations

You are resistant to damage.
You can heal yourself by infusing magical energy.
You passively map a small area around you.
You do not regenerate.


Message History

The centaur skeleton misses you.
Unknown command.
You hit the centaur skeleton but do no damage.
The centaur skeleton misses you. The centaur skeleton kicks you.
You hit the centaur skeleton but do no damage.
A hound comes into view.
The hound barks!
Unknown command.
Duvessa hits you with a +0 rapier.
The centaur skeleton closely misses you.
The centaur skeleton kicks you.
You climb upwards.
There is a stone staircase leading down here.
Unknown command.
Unknown command.
Unknown command.
Casting: Stone Arrow (dangerous; 8% risk of failure)
Confirm with . or Enter, or press ? or * to list all spells.
Aiming: Stone Arrow (dangerous; 8% risk of failure)
Press: ? - help, Shift-Dir - straight line, f - Duvessa
Aim: Duvessa, wielding a +0 rapier, wearing a +0 scale mail and carrying a wand of flame (13) (heavily wounded, berserk, 77% to hit)
The stone arrow hits Duvessa!
Duvessa is almost dead.
Duvessa barely misses you. Duvessa hits you with a +0 rapier!
Unknown command.
Okay, then.
Casting: Stone Arrow (dangerous; 8% risk of failure)
Confirm with . or Enter, or press ? or * to list all spells.
Aiming: Sandblast (safe; 1% risk of failure)
Press: ? - help, Shift-Dir - straight line, f/p - Duvessa
Aim: Duvessa, wielding a +0 rapier, wearing a +0 scale mail and carrying a wand of flame (13) (almost dead, berserk, 86% to hit)
The blast of sand hits Duvessa but does no damage.
Duvessa is almost dead.
c - 131 stones Duvessa barely misses you.
Duvessa hits you with a +0 rapier!!
* * * LOW HITPOINT WARNING * * *
Unknown command.
Unknown command.
Duvessa hits you with a +0 rapier!!
You die...

.≈≈P≈≈≈≈≈≈≈≈≈≈≈≈≈≈≈≈P≈≈≈≈≈P.####
PP≈≈≈≈≈≈≈≈≈≈≈...≈..≈..≈≈....≈..#
≈≈≈≈≈≈≈≈≈≈.≈≈..................#
≈≈≈≈≈P...P....##.#####...####..#
≈≈≈≈P≈≈....#####.###.....####..##
≈≈≈≈....##.##..#.....###...##...#
≈≈...#####........>)## ##...#...#
≈....# ###......e...# ##......#
...#.###........@...# #.....##
..............♣♣...## ##...##
#..###...##....P..## #...#
#####..######....## ##.### ##..##
##....## ##..## #..## ##.....##
#.<... ###.## #..###..## ##...##
#..## #..# ##..## #...## ..##
#..# ##..########..##


You could see Duvessa (berserk).

Vanquished Creatures
  An orc warrior (D:4)
  An ogre (D:4)
  Dowan (D:5)
  An orc priest (D:4)
  An iguana (D:4)
  2 orc wizards (D:4)
  5 adders
  An adder skeleton (D:4)
  6 dart slugs
  7 orcs
  11 ball pythons
  8 bats
  5 endoplasms
  5 giant cockroaches
  8 goblins
  8 hobgoblins
  4 jackals (D:2)
  6 kobolds
  2 quokkas
  3 frilled lizards (D:3)
  3 rats
89 creatures vanquished.

Vanquished Creatures (others)
  A plant (D:4)
1 creature vanquished.

Grand Total: 90 creatures vanquished

Notes
Turn   | Place    | Note
-------+----------+-------------------------------------------
     0 | D:1      | quinnr the Deep Dwarf Earth Elementalist began the quest
                  | for the Orb.
     0 | D:1      | Reached XP level 1. HP: 15/15 MP: 3/3
    20 | D:1      | Reached skill level 1 in Transmutations
   241 | D:1      | Upgraded the game from 0.28-a0-793-g31680bbd8b to
                  | 0.28-a0-794-gafe8c5f9e9
   310 | D:1      | Found Ethix's Jewellery Shop.
   367 | D:1      | Reached XP level 2. HP: 13/22 MP: 3/5
   391 | D:1      | Learned a level 2 spell: Passwall
   474 | D:1      | Found a faded altar of an unknown god.
   553 | D:1      | Found Duxily's Armour Emporium.
   631 | D:1      | Found Vathru's Armour Shop.
   647 | D:1      | Found Soumporph's Armour Shop.
   911 | D:1      | Found Suseteor's Antique Armour Shop.
   996 | D:1      | Reached XP level 3. HP: 16/28 MP: 4/6
  1268 | D:2      | Learned a level 3 spell: Stone Arrow
  1740 | D:2      | Reached XP level 4. HP: 22/37 MP: 4/8
  2918 | D:3      | Reached skill level 1 in Conjurations
  3118 | D:3      | Noticed an ogre
  3200 | D:4      | Reached skill level 1 in Fighting
  3200 | D:4      | Reached XP level 5. HP: 14/44 MP: 5/9
  3295 | D:4      | Noticed an orc warrior
  3480 | D:4      | Noticed an ogre
  3486 | D:4      | Killed an ogre
  3487 | D:4      | Reached skill level 5 in Earth Magic
  3487 | D:4      | Reached XP level 6. HP: 16/51 MP: 2/10
  3781 | D:4      | Identified the +10 plate armour "Fyer" {Int+3}
  3951 | D:4      | Found a basalt altar of Yredelemnul.
  3951 | D:4      | Found a blossoming altar of Fedhas.
  3966 | D:4      | Found a sacrificial altar of Ru.
  3993 | D:4      | Reached skill level 6 in Earth Magic
  4675 | D:4      | Learned a level 4 spell: Petrify
  4680 | D:4      | Killed an orc warrior
  4928 | D:5      | Entered Level 5 of the Dungeon
  4928 | D:5      | Noticed Duvessa
  4928 | D:5      | Noticed Dowan
  5033 | D:5      | Killed Dowan
  5040 | D:4      | HP: 5/52 [Duvessa (20)]
  5041 | D:4      | Demolished by Duvessa

Illustrated notes

Levels and vault maps discovered:
D:1:      dpeg_arrival_pond, layout_loops_cross,
          shapermc_ecumenical_altar_totnotflames, serial_shops, shop,
          nicolae_diamond_shop, shop, nicolae_diamond_shop, shop
D:2:      layout_loops_corners
D:3:      layout_basic, minmay_circle_x
D:4:      layout_layer_cave, nicolae_ru_great_annihilating_truth,
          gammafunk_temple_overflow_pools, chequers_big_river,
          serial_park_tiny_1, guppyfry_early_orc_mine
D:5:      layout_basic, lemuel_tele_altar, minmay_temple_entry_nine_rooms,
          kennysheep_boxes, uniq_duvessa

Skill      XL: |  1  2  3  4  5  6 |
---------------+-------------------+-----
Transmutations | 1 2 |  2.2
Spellcasting   | 2 3 |  3.0
Conjurations   | 1 2 |  2.0
Fighting       | 1 |  1.7
Dodging        | 3 |  3.0
Earth Magic    | 5 6 |  6.9
Stealth        | 3 |  3.3

Action                   |  1- 3 |  4- 6 || total
-------------------------+-------+-------++-------
Melee: Unarmed           |    17 |    13 ||    30
 Cast: Sandblast         |    54 |    78 ||   132
       Passwall          |       |     1 ||     1
       Stone Arrow       |       |    12 ||    12
 Abil: Heal Wounds       |       |     2 ||     2
Armor: Robe              |     5 |    11 ||    16
Dodge: Dodged            |    24 |    42 ||    66

Table legend: (Time is in decaauts)
 A = Elapsed time spent in this place.
 B = Non-inter-level travel time spent in this place.
 C = Inter-level travel time spent in this place.
 D = Time resting spent in this place.
 E = Time spent auto-exploring this place.
 F = Levels seen in this place.
 G = Mean time per level.
                   A        B        C        D        E       F      G
               +--------+--------+--------+--------+--------+-----+--------+
         Total |   5056 |   4884 |    172 |    776 |   3371 |   5 | 1011.2 |
       Dungeon |   5056 |   4884 |    172 |    776 |   3371 |   5 | 1011.2 |
               +--------+--------+--------+--------+--------+-----+--------+

Top non-repeatable levels by time:
     D:4: 1654 daAuts
     D:1: 1222 daAuts
     D:2: 1118 daAuts
     D:3: 1043 daAuts
     D:5: 17 daAuts
